 Dungeon Crawl Stone Soup version 0.29-a0-892-g2c4c91d9db (webtiles) character file.

Game seed: 2984588480619329998

64 mathmaestro the Grave Robber (level 3, -8/26 HPs)
             Began as a Demonspawn Necromancer on July 22, 2022.
             Mangled by an iguana (12 damage)
             ... on level 3 of the Dungeon.
             The game lasted 00:05:03 (2200 turns).

mathmaestro the Grave Robber (DsNe)                 Turns: 2200, Time: 00:05:03

Health: -8/26      AC:  5    Str:  8    XL:     3   Next: 91%
Magic:  0/6        EV: 11    Int: 24    God:
Gold:   147        SH:  0    Dex: 13    Spells: 3/7 levels left

rFire   . . .      SeeInvis .   c - +0 whip
rCold   . . .      Faith    .   (no shield)
rNeg    . . .      Spirit   .   i - +0 leather armour
rPois   .          Reflect  .   (no helmet)
rElec   .          Harm     .   g - +0 cloak
rCorr   .          Rampage  .   (no gloves)
Will    .....                   (no boots)
Stlth   ++........              (no amulet)
HPRegen 0.08/turn               l - +6 ring of intelligence
MPRegen 0.10/turn               (no ring)

@: mighty
A: rugged brown scales 1
a: no special abilities


You were on level 3 of the Dungeon.
You visited 1 branch of the dungeon, and saw 3 of its levels.

You collected 173 gold pieces.
You spent 26 gold pieces at shops.

Inventory:

Hand Weapons
 c - a +0 whip (weapon)
 o - a +0 hand axe
Armour
 g - a +0 cloak (worn)
 i - a +0 leather armour (worn)
Jewellery
 l - a +6 ring of intelligence (left hand)
Scrolls
 a - a scroll of teleportation
 d - a scroll of fear
 f - a scroll of summoning
 m - a scroll of poison
Potions
 b - a potion of magic
 e - a potion of might
 h - a potion of curing {unknown}
 k - a potion of brilliance {unknown}


   Skills:
 + Level 1.5 Fighting
 + Level 1.0 Armour
 - Level 2.0 Dodging
 - Level 2.0 Stealth
 + Level 2.6 Spellcasting
 + Level 4.8 Necromancy


You had 3 spell levels left.
You knew the following spells:

 Your Spells              Type           Power      Damage    Failure   Level
a - Necrotise             Necr           100%       1d9       2%          1
b - Vampiric Draining     Necr           26%        2d7       7%          3

Your spell library contained the following spells:

 Spells                   Type           Power      Damage    Failure   Level
 Sandblast                Erth           6%         2d5       16%         1
 Passwall                 Tmut/Erth      2%         N/A       24%         2
 Ignite Poison            Fire/Tmut/Pois 3%         N/A       43%         3
 Mephitic Cloud           Conj/Pois/Air  3%         N/A       43%         3
 Stone Arrow              Conj/Erth      6%         3d7       43%         3
 Animate Dead             Necr           26%        N/A       22%         4
 Agony                    Necr           26%        N/A       52%         5
 Freezing Cloud           Conj/Ice/Air   1%         6-21      99%         5


Dungeon Overview and Level Annotations

Branches:
Dungeon (3/15)

Altars:

Shops:
D:1 ?


Innate Abilities, Weirdness & Mutations

You are partially covered in rugged brown scales. (AC +1, +3% HP)


Message History

Casting: Necrotise (safe; 2% risk of failure)
Confirm with . or Enter, or press ? or * to list all spells.
Aiming: Necrotise (safe; 2% risk of failure)
Press: ? - help, Shift-Dir - straight line, f/p - adder
Aim: an adder (heavily wounded, chance to affect: 88%)
The adder writhes in agony.
The adder bites you.
Casting: Necrotise (safe; 2% risk of failure)
Confirm with . or Enter, or press ? or * to list all spells.
Aiming: Necrotise (safe; 2% risk of failure)
Press: ? - help, Shift-Dir - straight line, f/p - adder
Aim: an adder (almost dead, chance to affect: 88%)
The adder writhes in agony.
You kill the adder!
The iguana bites you.
Your Armour skill increases to level 1!
Your adder skeleton bites the iguana.
You see here a Trismegistus Codex.
You pick up a Trismegistus Codex and begin reading...
You add the spells Ignite Poison, Mephitic Cloud and Freezing Cloud to your library.
The iguana bites your adder skeleton.
Your adder skeleton barely misses the iguana.
You hit the iguana.
The iguana is lightly wounded.
The iguana bites you!
Your adder skeleton bites the iguana but does no damage.
Casting: Necrotise (safe; 2% risk of failure)
Confirm with . or Enter, or press ? or * to list all spells.
Aiming: Necrotise (safe; 2% risk of failure)
Press: ? - help, Shift-Dir - straight line, f - iguana
Aim: an iguana (lightly wounded, ally target, chance to affect: 88%)
The iguana writhes in agony!
The iguana bites you!
* * * LOW HITPOINT WARNING * * *
Your adder skeleton bites the iguana but does no damage.
Unknown command.
Unknown command.
Unknown command.
It was a potion of might.
You feel very mighty all of a sudden. The iguana bites you!
You die...

#.# #...# #..# #.#
#...#
#..####.####...##
#...............#
........####....##
#.#####.# #.#>...
##.#####.##
#.##.##
#.#####.........#
#.##.#
.....#.@####...#
#.##.#
#...l###.#..#
#.##.#
#.#Z###.###.#
#.##.# #....<.##
#.... ..#
.......###.# ###
..# ####.#.# #.#
#.#.# ... #..#.
##. # # # #


You could see an iguana (ally target) and a friendly adder skeleton.

Vanquished Creatures
  An adder (D:3)
  A dart slug (D:1)
  10 endoplasms
  5 giant cockroaches
  2 goblins
  2 hobgoblins
  4 jackals (D:1)
  A quokka (D:2)
  4 ball pythons
  3 bats
  A frilled lizard (D:2)
  3 kobolds
  7 rats
44 creatures vanquished.

Vanquished Creatures (collateral kills)
  An endoplasm (D:2)
  A giant cockroach (D:2)
  A rat (D:2)
3 creatures vanquished.

Grand Total: 47 creatures vanquished

Notes
Turn   | Place    | Note
-------+----------+-------------------------------------------
     0 | D:1      | mathmaestro the Demonspawn Necromancer began the quest for
                  | the Orb.
     0 | D:1      | Reached XP level 1. HP: 13/13 MP: 3/3
     1 | D:1      | Found a runed translucent door.
   331 | D:1      | Found Xemeiz's Magic Scroll Shoppe.
   341 | D:1      | Bought a scroll of identify for 26 gold pieces
   494 | D:1      | Gained mutation: You are partially covered in rugged brown
                  | scales. (AC +1, +3% HP) [demonic ancestry]
   494 | D:1      | Reached XP level 2. HP: 14/20 MP: 5/5
  1092 | D:1      | Reached skill level 1 in Fighting
  1209 | D:1      | Reached XP level 3. HP: 26/26 MP: 4/6
  2128 | D:2      | Learned a level 3 spell: Vampiric Draining
  2193 | D:3      | Reached skill level 1 in Armour
  2200 | D:3      | Mangled by an iguana

Illustrated notes

Levels and vault maps discovered:
D:1:      dpeg_arrival_caged_fury, layout_loops_ring, serial_shops,
          nicolae_shop_temple_entry_statues_fountains, nrook_loot_triangle
D:2:      layout_rooms, minmay_tall_x
D:3:      layout_loops_ring, mainiacjoe_overflow_boulevard

Skill      XL: |  1  2  3 |
---------------+----------+-----
Stealth        | 2 |  2.0
Dodging        | 2 |  2.0
Fighting       | 1 |  1.5
Armour         | 1 |  1.0
Spellcasting   | |  2.6
Necromancy     | |  4.8

Action                   || total
-------------------------++-------
Melee: Whip              ||    57
       Punch             ||     3
 Cast: Necrotise         ||    57
  Use: Scroll            ||     4
       Potion            ||     1
 Stab: Sleeping          ||     1
Armor: Robe              ||     3
       Leather armour    ||    28
Dodge: Dodged            ||    43

Table legend: (Time is in decaauts)
 A = Elapsed time spent in this place.
 B = Non-inter-level travel time spent in this place.
 C = Inter-level travel time spent in this place.
 D = Time resting spent in this place.
 E = Time spent auto-exploring this place.
 F = Levels seen in this place.
 G = Mean time per level.
                   A        B        C        D        E       F      G
               +--------+--------+--------+--------+--------+-----+--------+
         Total |   2204 |   2179 |     25 |    286 |   1495 |   3 |  734.7 |
       Dungeon |   2204 |   2179 |     25 |    286 |   1495 |   3 |  734.7 |
               +--------+--------+--------+--------+--------+-----+--------+

Top non-repeatable levels by time:
     D:1: 1239 daAuts
     D:2: 897 daAuts
     D:3: 67 daAuts
